 Dungeon Crawl Stone Soup version 0.21.0-24-g2553a33 (webtiles) character file.

73495 taran the Fighter (level 15, -9/163 HPs)
             Began as an Ogre Air Elementalist on Jan 14, 2018.
             Was a High Priest of Fedhas.
             Killed by divine providence
             ... invoked by a meliai
              (17 damage)
             ... on level 13 of the Dungeon on Jan 20, 2018.
             The game lasted 06:43:58 (28653 turns).

taran the Fighter (Ogre Air Elementalist)          Turns: 28653, Time: 06:43:59

Health: -9/163     AC: 12    Str: 20    XL:     15   Next: 43%
Magic:  0/29       EV: 13    Int: 18    God:    Fedhas [*****.]
Gold:   1959       SH:  0    Dex: 10    Spells: 7/34 levels left

rFire    + . .     SeeInvis .   a - +1 demon trident (flame)
rCold    . . .     Gourm    .   (no shield)
rNeg     . . .     Faith    .   Q - +4 robe of Sorcery {Slay+2}
rPois    +         Spirit   +   B - +2 hat
rElec    +         Reflect  .   L - +2 cloak
rCorr    .         Harm     .   (gloves unavailable)
MR       +....                  (boots unavailable)
Stlth    ++........             u - amulet of guardian spirit
HPRegen  0.37/turn              e - ring of poison resistance
MPRegen  0.21/turn              k - ring of Odatijup {Wiz rElec Str+2}

@: lethally poisoned (-9 -> -15)
A: large, unfitting armour, fire resistance 1, sense surroundings 1, tough skin
1
a: Fungal Bloom, Evolution, Sunlight, Growth, Reproduction, Rain, Renounce
Religion


You were on level 13 of the Dungeon.
You worshipped Fedhas.
Fedhas was extremely pleased with you.
You were hungry.

You visited 5 branches of the dungeon, and saw 23 of its levels.
You also visited: Labyrinth and Ossuary.

You collected 1959 gold pieces.

Inventory:

Hand Weapons
 a - a +1 demon trident of flaming (weapon)
 b - a +5 blowgun
 d - a +0 giant club
 y - a +1 whip of freezing
Missiles
 h - 2 javelins of penetration
 D - 62 poisoned needles
 M - 2 javelins (quivered)
 T - 15 large rocks
 Y - 4 needles of confusion
Armour
 B - a +2 hat (worn)
 L - a +2 cloak (worn)
 Q - the +4 robe of Sorcery (worn) {Slay+2}
   (You found it in a labyrinth)

   It affects your accuracy and damage with ranged weapons and melee attacks
   (+2).
 X - a +1 robe of magic resistance
Jewellery
 e - a ring of poison resistance (left hand)
 k - the ring of Odatijup (right hand) {Wiz rElec Str+2}
   (You found it on level 6 of the Lair of Beasts)

   [ring of wizardry]

   It improves your spell success rate.
   It affects your strength (+2).
   It insulates you from electricity.
 u - an amulet of guardian spirit (around neck)
 A - an uncursed ring of resist corrosion
 R - an uncursed ring of protection from cold
Wands
 g - a wand of disintegration (7)
 p - a wand of iceblast (3)
 C - a wand of flame (14)
 N - a wand of paralysis (5)
 W - a wand of clouds (5)
Scrolls
 f - 4 scrolls of fog
 i - a scroll of teleportation
 l - 2 scrolls of remove curse
 m - 3 scrolls of enchant weapon
 n - 4 scrolls of amnesia
 q - 5 scrolls of magic mapping
 t - 2 scrolls of enchant armour
 z - a scroll of silence {unknown}
 G - 3 scrolls of brand weapon
 P - a scroll of summoning {unknown}
 V - a scroll of vulnerability
Potions
 j - 4 potions of ambrosia
 o - 3 potions of haste
 r - a potion of agility
 s - 4 potions of heal wounds
 x - 3 potions of curing
 E - 2 potions of mutation
 F - a potion of brilliance
 H - 2 potions of cancellation
 J - 3 potions of might
 K - a potion of flight
Books
 I - the Tome of Summoning and Orientation
   (You found it on level 4 of the Lair of Beasts)

   Spells                             Type                      Level
   a - Apportation                    Translocation                1
   b - Blink                          Translocation                2
   c - Lesser Beckoning               Translocation                3
   d - Force Lance                    Conjuration/Translocation    4
   e - Dragon's Call                  Summoning                    9
 O - a book of Flames

   Spells                             Type                      Level
   a - Flame Tongue                   Conjuration/Fire             1
   b - Throw Flame                    Conjuration/Fire             2
   c - Conjure Flame                  Conjuration/Fire             3
   d - Inner Flame                    Hexes/Fire                   3
   e - Sticky Flame                   Conjuration/Fire             4
   f - Fireball                       Conjuration/Fire             5
 U - a book of Clouds

   Spells                             Type                      Level
   a - Poisonous Vapours              Poison/Air                   2
   b - Mephitic Cloud                 Conjuration/Poison/Air       3
   c - Conjure Flame                  Conjuration/Fire             3
   d - Freezing Cloud                 Conjuration/Ice/Air          6
   e - Ring of Flames                 Charms/Fire                  7
Miscellaneous
 w - a crystal ball of energy
 S - a phantom mirror
Comestibles
 c - 25 rations


   Skills:
 - Level 14.0 Fighting
 - Level 6.0 Maces & Flails
 + Level 6.1 Polearms
 - Level 9.0 Throwing
 + Level 5.0 Armour
 - Level 8.4 Dodging
 - Level 1.4 Stealth
 - Level 10.0 Spellcasting
 - Level 5.0 Conjurations
 - Level 1.0 Hexes
 - Level 1.0 Charms
 + Level 9.4 Summonings
 - Level 2.0 Translocations
 - Level 5.0 Fire Magic
 - Level 7.0 Air Magic
 - Level 8.0 Invocations
 - Level 1.0 Evocations


You had 7 spell levels left.
You knew the following spells:

 Your Spells              Type           Power        Failure   Level  Hunger
a - Shock                 Conj/Air       ####         1%          1    None
b - Sticky Flame          Conj/Fire      ####....     4%          4    ###....
c - Conjure Flame         Conj/Fire      ####....     1%          3    None
d - Summon Lightning Spi  Summ/Air       #####...     1%          4    ###....
e - Inner Flame           Hex/Fire       ###.....     2%          3    None
f - Airstrike             Air            ####......   1%          4    ###....
g - Summon Guardian Gole  Hex/Summ       ####....     1%          3    None
k - Blink                 Tloc           N/A          2%          2    None
s - Swiftness             Chrm/Air       ###.....     1%          2    None
z - Apportation           Tloc           ###...       1%          1    None


Dungeon Overview and Level Annotations

Branches:
Dungeon (13/15)            Temple (1/1) D:4            Lair (6/6) D:11
  Swamp (1/4) Lair:2       Spider (0/4) Lair:3        Slime (0/5) Lair:6
    Orc (2/2) D:9             Elf (0/3) Orc:2
 Vaults: D:13-14

Altars:
Cheibriados
Dithmenos
Fedhas
Gozag
Hepliaklqana
Kikubaaqudgha
Nemelex Xobeh
Qazlal
Ru
Sif Muna
Vehumet
Wu Jian
Xom
The Shining One
Beogh
Jiyva

Shops:
D:8 %   Orc:1 :   Orc:2 [:![

Annotations:
Lair:6 1 runed door


Innate Abilities, Weirdness & Mutations

You are too large for most types of armour.
You have tough skin. (AC +1)
Your flesh is heat resistant. (rF+)
You passively map a small area around you.


Message History

The hornet misses you.
The meliai zaps a wand.
You resist with almost no effort. The meliai barely misses you.
The meliai closely misses you. The hornet stings you.
* * * LOW HITPOINT WARNING * * *
The meliai invokes the aid of its god against you.
Something smites you!
* * * LOW MAGIC WARNING * * *;
* * * LOW HITPOINT WARNING * * *
You take 7 damage, and have 18/163 hp.
You now have 0/29 mp.
As you read the scroll of fear, it crumbles to dust.
You assume a fearsome visage.
The hornet looks frightened!
The centaur looks frightened! x3; The meliai looks frightened! x2
You feel yourself speed up.
You feel very sick.
The meliai invokes the aid of its god against you.
Something smites you!
* * * LOW HITPOINT WARNING * * *
The meliai invokes the aid of its god against you.
Something smites you!
You die...
Fedhas appreciates your contribution to the ecosystem.

,
.c....)..........#
,
..c............#..
.......(........#
,.....c........(##
.≈....c.........#
, ,
≈≈≈........#...##
≈≈≈≈...y.### ### ,
≈≈≈≈≈...(##
≈≈≈≈..y..@#
≈≈≈.......# ,
.≈...#....#
.....#y..## , ....
##### , ... ... ,,
. ≈.. ** ≈≈.


You could see a hornet (fleeing), 2 meliai and 3 centaurs.

Vanquished Creatures
  A minotaur (Lab)
  Josephine (Orc:2)
  5 hydras
  A merfolk avatar (Lair:6)
  10 two-headed ogres
  2 ogre magi (Orc:2)
  4 death yaks
  An orc high priest (Orc:2)
  A fire crab (Lair:5)
  3 skeletal warriors (D:11)
  An unseen horror (D:12)
  A deep troll (Orc:2)
  2 sea snakes (Lair:6)
  2 orc knights
  2 harpies (Lair:6)
  Pikel (D:6)
  3 cyclopes
  A manticore (Lair:6)
  3 orc sorcerers
  A black mamba (Lair:6)
  7 spiny frogs
  2 elephants (Lair:6)
  A centaur skeleton (D:11)
  3 gargoyles
  7 komodo dragons
  5 rime drakes
  A meliai (D:13)
  13 trolls
  4 blink frogs
  3 polar bears (Lair:6)
  A tyrant leech (Swamp:1)
  4 slime creatures (Swamp:1)
  4 hornets
  A wind drake (Lair:6)
  11 hippogriffs
  A bog body (Swamp:1)
  Sigmund (D:2)
  3 shadows
  A vampire (D:11)
  A spriggan (Swamp:1)
  3 wraiths (Orc:2)
  5 wyverns
  40 yaks
  A steam dragon (D:12)
  Menkaure (D:5)
  2 wargs
  7 swamp worms
  7 water moccasins
  6 porcupines
  5 swamp drakes (Swamp:1)
  A slave (D:6)
  3 sky beasts
  17 orc warriors
  An ice beast (D:11)
  3 black bears
  An eye of draining (D:12)
  26 ogres
  A phantom (D:12)
  12 wolves
  10 crocodiles
  9 bullfrogs
  A big kobold (D:12)
  A wyvern skeleton (D:10)
  A water moccasin skeleton (D:6)
  12 killer bees
  An electric eel (D:11)
  11 wights
  5 howler monkeys
  5 crimson imps
  A quasit (D:10)
  2 bullfrog skeletons (D:10)
  4 hounds
  5 jellies
  9 orc priests
  Crazy Yiuf (D:2)
  4 iguanas
  16 orc wizards
  13 worker ants
  2 hound skeletons
  12 mummies (Ossuary)
  A howler monkey zombie (D:5)
  9 gnolls
  14 adders
  A shadow imp (D:5)
  3 oozes
  2 adder skeletons
  18 worms
  A dart slug (D:1)
  3 leopard geckos
  44 orcs
  2 bat skeletons (D:6)
  3 giant cockroaches
  6 goblins
  9 hobgoblins
  18 jackals
  4 quokkas
  2 ball pythons
  14 bats
  4 frilled lizards
  3 gnoll skeletons (Ossuary)
  3 goblin skeletons (Ossuary)
  10 kobolds
  A kobold skeleton (Ossuary)
  2 leopard gecko skeletons (D:6)
  An orc skeleton (Ossuary)
  7 rats
  11 rat skeletons (Ossuary)
  A butterfly (D:4)
  A fungus (Lair:6)
  A toadstool (D:7)
586 creatures vanquished.

Vanquished Creatures (collateral kills)
  2 hydras
  Fannar (Lair:3)
  The ghost of zkyp the Grappler, a novice TrFi (D:10)
  A two-headed ogre (D:11)
  A death yak (Lair:6)
  2 skeletal warriors (D:11)
  A deep troll (Orc:2)
  A swamp dragon (Swamp:1)
  A harpy (Lair:6)
  An ugly thing (D:11)
  2 orc sorcerers (Orc:1)
  A black mamba (Lair:6)
  Psyche (D:10)
  3 gargoyles (D:7)
  An elephant (Lair:6)
  6 spiny frogs
  A rime drake (Lair:4)
  2 komodo dragons
  A polar bear (Lair:3)
  A slime creature (Swamp:1)
  4 blink frogs
  3 hippogriffs
  2 wyverns (Lair:6)
  17 yaks
  2 basilisks
  3 vampire mosquitoes (Swamp:1)
  2 swamp worms
  A warg (D:9)
  4 orc warriors
  A porcupine (Lair:1)
  8 water moccasins
  A swamp drake (Swamp:1)
  2 phantoms
  A slave (D:6)
  5 ogres
  9 wolves
  3 crocodiles
  3 bullfrogs
  3 killer bees (D:10)
  2 wights
  An orc priest (Orc:1)
  2 orc wizards (Orc:1)
  A worker ant (D:8)
  An adder (D:6)
  13 orcs
  A giant cockroach (Lair:3)
  A fungus (Lair:6)
  3 toadstools (Lair:6)
130 creatures vanquished.

Vanquished Creatures (others)
  22 wandering mushrooms
  A necrophage (D:10)
  2 worker ant zombies
  A bush (Lair:5)
  48 fungi
  36 plants
  441 toadstools
551 creatures vanquished.

Grand Total: 1267 creatures vanquished

Notes
Turn   | Place    | Note
-------+----------+-------------------------------------------
     0 | D:1      | taran the Ogre Air Elementalist began the quest for the Orb.
     0 | D:1      | Reached XP level 1. HP: 16/16 MP: 3/3
    80 | D:1      | Reached skill level 1 in Conjurations
   208 | D:1      | Reached XP level 2. HP: 24/24 MP: 1/5
   569 | D:1      | Reached XP level 3. HP: 31/31 MP: 1/6
   683 | D:1      | Learned a level 3 spell: Static Discharge
   686 | D:1      | Learned a level 2 spell: Swiftness
   702 | D:2      | Noticed Sigmund
  1010 | D:2      | Reached XP level 4. HP: 38/40 MP: 4/7
  1061 | D:2      | Reached skill level 1 in Fighting
  1430 | D:3      | Found a glowing golden altar of the Shining One.
  1464 | D:3      | Reached skill level 2 in Fighting
  1540 | D:3      | Reached XP level 5. HP: 49/49 MP: 6/8
  2329 | D:3      | Reached skill level 1 in Charms
  2340 | D:3      | Found a sacrificial altar of Ru.
  2488 | D:3      | Found a blossoming altar of Fedhas.
  2499 | D:3      | Became a worshipper of Fedhas Madash
  2568 | D:3      | Reached skill level 3 in Fighting
  2645 | D:3      | Reached skill level 1 in Invocations
  2658 | D:3      | Reached XP level 6. HP: 39/62 MP: 1/9
  3288 | D:4      | Reached skill level 4 in Fighting
  3515 | D:4      | Found a staircase to the Ecumenical Temple.
  3524 | Temple   | Entered the Ecumenical Temple
  3623 | D:4      | Found a shimmering altar of Xom.
  3988 | D:4      | Reached skill level 5 in Fighting
  3988 | D:4      | Reached XP level 7. HP: 70/72 MP: 5/10
  4273 | D:5      | Entered Level 5 of the Dungeon
  4401 | D:5      | Reached skill level 6 in Fighting
  4424 | D:5      | Noticed Menkaure
  5286 | D:6      | Reached XP level 8. HP: 84/84 MP: 10/12
  5422 | D:6      | Found a shadowy altar of Dithmenos.
  5428 | D:6      | Learned a level 2 spell: Call Imp
  5433 | D:6      | Learned a level 4 spell: Summon Lightning Spire
  5546 | D:6      | Reached * piety under Fedhas
  5685 | D:6      | Found an ancient bone altar of Kikubaaqudgha.
  5710 | D:6      | Found a stormy altar of Qazlal.
  5855 | D:6      | Reached skill level 1 in Summonings
  5855 | D:6      | Reached skill level 5 in Invocations
  6063 | D:6      | Reached skill level 7 in Fighting
  6138 | D:6      | Found an opulent altar of Gozag.
  6195 | D:6      | Found an ornate altar of the Wu Jian Council.
  6195 | D:6      | Noticed Pikel
  6685 | D:6      | Killed Pikel
  6685 | D:6      | Reached XP level 9. HP: 31/93 MP: 1/15
  6962 | D:7      | Found a sand-covered staircase.
  7005 | D:7      | Reached skill level 5 in Air Magic
  7115 | Ossuary  | Entered an ossuary
  7694 | D:7      | Reached skill level 8 in Fighting
  7694 | D:7      | Reached skill level 1 in Maces & Flails
  8008 | D:7      | Reached skill level 1 in Throwing
  8008 | D:7      | Reached skill level 5 in Spellcasting
  8166 | D:7      | Reached skill level 9 in Fighting
  8166 | D:7      | Reached skill level 5 in Maces & Flails
  8166 | D:7      | Reached skill level 5 in Summonings
  8166 | D:7      | Reached XP level 10. HP: 108/110 MP: 16/20
  8244 | D:7      | Noticed a gargoyle
  8253 | D:7      | Killed a gargoyle
  8276 | D:7      | Noticed a gargoyle
  8278 | D:7      | Killed a gargoyle
  8278 | D:7      | Reached skill level 5 in Conjurations
  8298 | D:7      | Noticed a gargoyle
  8304 | D:7      | Killed a gargoyle
  8304 | D:7      | Reached skill level 10 in Fighting
  8780 | D:7      | Noticed a gargoyle
  8787 | D:7      | Killed a gargoyle
  8975 | D:8      | Found a sparkling altar of Nemelex Xobeh.
  9170 | D:8      | Found Beucwato's Food Emporium.
  9218 | D:8      | Found a snail-covered altar of Cheibriados.
  9578 | D:8      | Found a deep blue altar of Sif Muna.
  9904 | D:9      | Found a hazy altar of Hepliaklqana.
  9932 | D:9      | Reached XP level 11. HP: 83/118 MP: 11/21
  9977 | D:9      | Found a staircase to the Orcish Mines.
 10583 | D:9      | Reached skill level 1 in Evocations
 10835 | D:10     | Entered Level 10 of the Dungeon
 11186 | D:10     | Reached ** piety under Fedhas
 11307 | D:10     | Noticed zkyp's ghost (novice TrFi)
 11417 | D:10     | Noticed Psyche
 11426 | D:10     | Killed Psyche
 11525 | D:10     | Killed zkyp's ghost
 11587 | D:10     | Noticed a two-headed ogre
 11594 | D:10     | Killed a two-headed ogre
 11594 | D:10     | Reached skill level 11 in Fighting
 12074 | D:11     | Noticed a two-headed ogre
 12082 | D:11     | Killed a two-headed ogre
 12087 | D:11     | Noticed a cyan ugly thing
 12100 | D:11     | Killed a cyan ugly thing
 12141 | D:11     | Found a staircase to the Lair.
 12178 | Lair:1   | Entered Level 1 of the Lair of Beasts
 12549 | Lair:1   | Reached XP level 12. HP: 122/130 MP: 21/24
 13120 | Lair:2   | Found a labyrinth entrance.
 13133 | Lab      | Entered a labyrinth
 13497 | Lab      | Learned a level 3 spell: Call Canine Familiar
 13502 | Lab      | Learned a level 4 spell: Airstrike
 13506 | Lab      | Learned a level 3 spell: Summon Guardian Golem
 13523 | Lab      | Noticed a minotaur
 13544 | Lab      | Killed a minotaur
 13544 | Lab      | Reached skill level 5 in Throwing
 13544 | Lab      | Reached skill level 5 in Dodging
 13578 | Lab      | Got a crude spear
 13578 | Lab      | Got a heavily jewelled robe
 13592 | Lab      | Identified the +4 robe of Sorcery {Slay+2} (You found it in a labyrinth)
 13592 | Lab      | Identified the +2 spear of No Interval {elec, *Contam rC- Int+7 Stlth+} (You found it in a labyrinth)
 13624 | Lair:2   | Noticed a seven-headed hydra
 13633 | Lair:2   | Killed a seven-headed hydra
 13826 | Lair:2   | Found a staircase to the Swamp.
 13867 | Lair:2   | Reached skill level 12 in Fighting
 13868 | Lair:2   | Reached *** piety under Fedhas
 14415 | Lair:3   | Noticed a six-headed hydra
 14424 | Lair:3   | Killed a six-headed hydra
 14853 | Lair:3   | Noticed a four-headed hydra
 14855 | Lair:3   | Noticed Fannar
 14960 | Lair:3   | Killed a four-headed hydra
 15560 | Lair:3   | Killed Fannar
 15667 | Lair:3   | Found a hole to the Spider Nest.
 16098 | Lair:4   | Noticed a seven-headed hydra
 16101 | Lair:4   | Killed a seven-headed hydra
 16120 | Lair:4   | Reached skill level 13 in Fighting
 16513 | Lair:4   | Learned a level 3 spell: Conjure Flame
 16702 | Lair:4   | Reached XP level 13. HP: 43/144 MP: 12/25
 16715 | Lair:4   | Identified the Tome of Summoning and Orientation
 16720 | Lair:4   | Learned a level 2 spell: Blink
 16722 | Lair:4   | Learned a level 1 spell: Apportation
 17526 | Lair:5   | Reached skill level 1 in Hexes
 17602 | Lair:5   | Reached skill level 1 in Fire Magic
 17634 | Lair:5   | Reached skill level 1 in Translocations
 17899 | Lair:5   | Gained mutation: You are frail. (-10% HP) [potion of mutation]
 17899 | Lair:5   | Lost mutation: You are frail. (-10% HP) [potion of mutation]
 17899 | Lair:5   | Gained mutation: You have sharp toenails. [potion of mutation]
 17900 | Lair:5   | Lost mutation: You have sharp toenails. [potion of mutation]
 17900 | Lair:5   | Gained mutation: Your flesh is heat resistant. (rF+) [potion of mutation]
 17900 | Lair:5   | Gained mutation: You passively map a small area around you. [potion of mutation]
 18429 | Lair:5   | Reached skill level 1 in Armour
 18652 | Lair:6   | Entered Level 6 of the Lair of Beasts
 19146 | Lair:6   | HP: 5/217 [spiny frog (19)]
 19154 | Lair:6   | HP: 5/145 [poisoned by a spiny frog]
 20034 | Lair:6   | Reached skill level 14 in Fighting
 20280 | Lair:6   | Reached XP level 14. HP: 146/156 MP: 14/27
 20745 | Lair:6   | Got a glittering marble ring
 20860 | Lair:6   | Identified the ring of Odatijup {Wiz rElec Str+2} (You found it on level 6 of the Lair of Beasts)
 20878 | Lair:6   | Found a runed door.
 20878 | Lair:6   | Found a viscous altar of Jiyva.
 20878 | Lair:6   | Found a staircase to the Slime Pits.
 20878 | Lair:6   | Noticed an acid blob
 21204 | Swamp:1  | Entered Level 1 of the Swamp
 22698 | D:11     | Reached skill level 1 in Polearms
 23118 | D:11     | Reached skill level 10 in Spellcasting
 23137 | D:11     | Reached **** piety under Fedhas
 23688 | D:12     | Learned a level 3 spell: Inner Flame
 23693 | D:12     | Learned a level 4 spell: Sticky Flame
 24726 | Orc:1    | Entered Level 1 of the Orcish Mines
 25156 | Orc:1    | Paralysed by an orc sorcerer for 2 turns
 25189 | Orc:1    | Upgraded the game from 0.21.0-3-g78d12a8 to 0.21.0-22-g11d5b52
 25327 | Orc:1    | Reached ***** piety under Fedhas
 25371 | Orc:1    | Found Noesu's Book Emporium.
 25755 | Orc:2    | Entered Level 2 of the Orcish Mines
 26074 | Orc:2    | Found a roughly hewn altar of Beogh.
 26075 | Orc:2    | Found a roughly hewn altar of Beogh.
 26154 | Orc:2    | Reached XP level 15. HP: 112/163 MP: 5/29
 26174 | Orc:2    | Reached skill level 5 in Fire Magic
 26278 | Orc:2    | Noticed Josephine
 26292 | Orc:2    | Killed Josephine
 26310 | Orc:2    | Reached skill level 5 in Polearms
 26981 | Orc:2    | Upgraded the game from 0.21.0-22-g11d5b52 to 0.21.0-24-g2553a33
 27148 | Orc:2    | Found Baodighi's Book Emporium.
 27149 | Orc:2    | Found Hoono's Armour Emporium.
 27153 | Orc:2    | Found Muox's Antique Armour Shop.
 27163 | Orc:2    | Found Penaeresch's Distillery.
 27244 | Orc:2    | Found a staircase to the Elven Halls.
 27275 | Orc:2    | Reached skill level 5 in Armour
 27718 | D:5      | Killed Menkaure
 27913 | D:2      | Killed Sigmund
 27938 | D:2      | Found a runed door.
 27942 | D:2      | Noticed Crazy Yiuf
 27945 | D:2      | Killed Crazy Yiuf
 28653 | D:13     | HP: 8/163 [meliai/divine providence (7)]
 28653 | D:13     | Killed from afar by a meliai

Skill      XL: |  1  2  3  4  5  6  7  8  9 10 11 12 13 14 15 |
---------------+----------------------------------------------+-----
Conjurations   | 1 2 3 4 5 |  5.0
Air Magic      | 3 4 6 7 |  7.0
Fighting       | 2 3 5 6 7 9 10 11 13 14 | 14.0
Charms         | 1 |  1.0
Invocations    | 1 3 4 5 6 8 |  8.0
Spellcasting   | 4 7 8 9 10 | 10.0
Summonings     | 2 5 6 8 9 |  9.4
Maces & Flails | 5 6 |  6.0
Throwing       | 4 7 8 9 |  9.0
Dodging        | 2 4 6 7 8 |  8.4
Evocations     | 1 |  1.0
Hexes          | 1 |  1.0
Fire Magic     | 3 4 5 |  5.0
Translocations | 2 |  2.0
Armour         | 1 3 5 |  5.0
Polearms       | 4 6 |  6.1
Stealth        | |  1.4

Action                   |  1- 3 |  4- 6 |  7- 9 | 10-12 | 13-15 || total
-------------------------+-------+-------+-------+-------+-------++-------
Melee: Unarmed           |     3 |       |       |       |       ||     3
       Dagger            |       |    10 |       |       |       ||    10
       Flail             |       |    23 |       |       |       ||    23
       Rapier            |       |    38 |       |       |       ||    38
       Morningstar       |       |    38 |     9 |   179 |       ||   226
       Giant club        |       |       |    74 |       |       ||    74
       Whip              |       |       |    82 |    24 |       ||   106
       Demon trident     |       |       |       |   135 |   839 ||   974
       Spear             |       |       |       |    36 |       ||    36
 Fire: Blowgun           |       |       |       |    37 |   177 ||   214
Throw: Stone             |    22 |   110 |   139 |   144 |       ||   415
       Tomahawk          |       |     4 |       |    69 |       ||    73
       Large rock        |       |       |       |     7 |    50 ||    57
       Javelin           |       |       |       |       |    41 ||    41
 Cast: Shock             |    49 |    85 |   117 |   113 |   145 ||   509
       Swiftness         |       |     2 |       |     2 |     1 ||     5
       Static Discharge  |       |     1 |     3 |     4 |     4 ||    12
       Call Imp          |       |       |     1 |    11 |     3 ||    15
       Summon Lightning  |       |       |       |    19 |    31 ||    50
       Call Canine Famil |       |       |       |     6 |     9 ||    15
       Airstrike         |       |       |       |     3 |     3 ||     6
       Conjure Flame     |       |       |       |     2 |    22 ||    24
       Summon Guardian G |       |       |       |     2 |    17 ||    19
       Apportation       |       |       |       |       |    13 ||    13
       Blink             |       |       |       |       |    12 ||    12
       Sticky Flame      |       |       |       |       |    31 ||    31
Invok: Fungal Bloom      |       |     7 |    14 |    42 |    54 ||   117
       Evolution         |       |       |     3 |    10 |     9 ||    22
Evoke: Wand              |       |       |    12 |    22 |    34 ||    68
  Use: Scroll            |       |    15 |     6 |    13 |    15 ||    49
       Potion            |       |     2 |     2 |     2 |    15 ||    21
 Stab: Sleeping          |       |       |     3 |       |     2 ||     5
       Distracted        |       |       |     1 |     6 |     4 ||    11
       Confused          |       |       |       |     6 |     1 ||     7
       Paralysed         |       |       |       |     8 |       ||     8
  Eat: Chunk             |     1 |     9 |    11 |    26 |    40 ||    87
       Ration            |       |       |     1 |     1 |     1 ||     3
Armor: Robe              |     7 |    41 |    48 |    98 |   253 ||   447
       Skin              |       |     6 |    45 |       |       ||    51
Dodge: Dodged            |    21 |    79 |   106 |   196 |   581 ||   983
